[Event "*** SCC Grand Prix: Titled Tuesday Blitz"]
[Site "Chess.com"]
[Date "2020.10.06"]
[Round "4"]
[White "JonahWillow"]
[Black "Jovidon91"]
[Result "1-0"]
[WhiteElo "2707"]
[BlackElo "2495"]
[TimeControl "180+1"]
[EndTime "10:38:42 PDT"]
[Termination "JonahWillow won by resignation"]

1. e4 c5 2. Nf3 e6 3. d4 cxd4 4.
Nxd4 Nc6 5. Nc3 Qc7 6. g3 a6 7.
Bg2 Nf6 8. O-O Nxd4 9. Qxd4 Bc5 10. Bf4 d6 11. Qd2 e5 12. Bg5 Be6 13. Rad1 Ng4 14. h3 h6 15. hxg4 hxg5 16. Qxg5 Qe7 17. Qxe7+ Kxe7 18. Nd5+ Kd7 19. Bf3 Rh3 20. Kg2 Rah8 21.
Be2 Rh2+ 22. Kf3 Kc6 23. b4 Ba7 24. c4 Bd4 25. a4 R2h6 26. a5 Rh2 27. Bd3 f6 28.
Rd2 Rc8 29. Rc2 Bxd5 30. exd5+ Kd7 31. Bf5+ Kd8 32. Bxc8 Kxc8 33. c5 Kc7 34. c6 g6 35.
cxb7+ Kxb7 36. Rc6 f5 37. gxf5 gxf5 38. Rxd6 e4+ 39.
Kf4 Bxf2 40. Kxf5 e3 41. Re6 Bxg3 42. Rxe3 Rh5+ 43. Ke6 1-0

[Event "*** SCC Grand Prix: Titled Tuesday Blitz"]
[Site "Chess.com"]
[Date "2020.10.06"]
[Round "4"]
[White "szefru"]
[Black "Beltraxtor"]
[Result "1-0"]
[WhiteElo "2205"]
[BlackElo "2569"]
[TimeControl "180+1"]
[EndTime "10:38:42 PDT"]
[Termination "szefru won by resignation"]

1. e4 e5 2. Nf3 Nf6 3. Nc3 Nc6 4.
Bb5 Nd4 5. Bd3 d6 6. Nxd4 exd4 7.
Ne2 c5 8. c3 dxc3 9. dxc3 Be7 10. O-O O-O 11. c4 Nd7 12. f4 Nf6 13. b3 Re8 14.
Bb2 Ng4 15. Qd2 Bf6 16. Bxf6 Nxf6 17. Nc3 b6 18. Rfe1 Bb7 19. Rad1 Qd7 20. e5 dxe5 21. Bxh7+ Kxh7 22. Qc2+ Kg8 23. Rxd7 Nxd7 24. Nb5 Bc6 25. Nc7 Rad8 26. Nxe8 Rxe8 27. fxe5 Nxe5 28. Qc3 f6 29. h3 a5 30. Kh2 Kf7 31. a3 Re7 32. b4 axb4 33.
axb4 Rd7 34. bxc5 bxc5 35. Qa5 Rd2 36. Qxd2 1-0

[Event "*** SCC Grand Prix: Titled Tuesday Blitz"]
[Site "Chess.com"]
[Date "2020.10.06"]
[Round "4"]
[White "AungTZ"]
[Black "TokChess"]
[Result "0-1"]
[WhiteElo "2151"]
[BlackElo "2405"]
[TimeControl "180+1"]
[EndTime "10:38:42 PDT"]
[Termination "TokChess won by resignation"]

1. e4 c5 2. Nf3 e6 3. d4 cxd4 4. Nxd4 a6 5. Nc3 b5 6. Bd3 Bb7 7. O-O Bc5 8. Be3 Qb6 9. Nce2 Nc6 10. c3 Nf6 11. b4 Bxd4 12. Nxd4 Qc7 13. Nb3 Ne5 14.
Nc5 Neg4 15. g3 Nxe3 16. fxe3 d6 17. Nxb7 Qxb7 18. Qf3 Ke7 19. a4 Rhc8 20. axb5 axb5 21.
Rxa8 Qxa8 22. g4 h6 23. h4 Rf8 24. g5 hxg5 25. hxg5 Nd7 26. Bxb5 Ne5 27. Qg3 Qxe4 28. Ra1 Ra8 29. Ra5 Rxa5 30. bxa5 Qb1+ 0-1

[Event "*** SCC Grand Prix: Titled Tuesday Blitz"]
[Site "Chess.com"]
[Date "2020.10.06"]
[Round "4"]
[White "akashcheck"]
[Black "mhennigan"]
[Result "1-0"]
[WhiteElo "2255"]
[BlackElo "2414"]
[TimeControl "180+1"]
[EndTime "10:38:43 PDT"]
[Termination "akashcheck won on time"]

1. e4 g6 2. Nf3 Bg7 3. Nc3 d6 4.
d4 a6 5. Be2 b5 6. Be3 Bb7 7. a3 Nd7 8. O-O Ngf6 9. Nd2 O-O 10. f3 c5 11. Nb3 cxd4 12. Bxd4 Rc8 13. Kh1 Qc7 14. Rc1 Rfd8 15. Qd2 Nb6 16. Na5 Ba8 17. Rfd1 e5 18. Bf2 d5 19. exd5 Nbxd5 20. Nxd5 Rxd5 21.
Qe1 Rxd1 22. Bxd1 e4 23. Nb3 exf3 24. Bxf3 Bxf3 25. gxf3 Re8 26. Qd2 Qb7 27. Kg2 Nd5 28. Rd1 Re5 29. Nc5 1-0

[Event "*** SCC Grand Prix: Titled Tuesday Blitz"]
[Site "Chess.com"]
[Date "2020.10.06"]
[Round "4"]
[White "MasterMK73"]
[Black "GlennTipton"]
[Result "0-1"]
[WhiteElo "2207"]
[BlackElo "2442"]
[TimeControl "180+1"]
[EndTime "10:38:43 PDT"]
[Termination "GlennTipton won by resignation"]

1. e4 e5 2. Nc3 Nf6 3. g3 d5 4.
exd5 Nxd5 5. Bg2 Nxc3 6. bxc3 Bd6 7. Nf3 O-O 8. O-O f5 9. d3 Nc6 10. Rb1 Qe8 11. Re1 Qh5 12. c4 f4 13. d4 fxg3 14. hxg3 Bg4 15. c5 Nxd4 16. cxd6 Bxf3 17. Qd3 cxd6 18. c3 Bxg2 19. Kxg2 Qf7 20. Rf1 Nc6 21.
f4 Rae8 22. Be3 exf4 23. Bxf4 Qxa2+ 24. Rf2 Qe6 25. Rxb7 Ne5 26. Qe2 Qd5+ 27. Kf1 Qxb7 28. Bxe5 Rxf2+ 29. Kxf2 dxe5 30. Qc4+ Qf7+ 31. Qxf7+ Kxf7 32.
Ke3 Ke6 33. Ke4 Rd8 34. g4 a5 0-1

[Event "*** SCC Grand Prix: Titled Tuesday Blitz"]
[Site "Chess.com"]
[Date "2020.10.06"]
[Round "4"]
[White "ajdemipopushi"]
[Black "shineatchess"]
[Result "1-0"]
[WhiteElo "2349"]
[BlackElo "2174"]
[TimeControl "180+1"]
[EndTime "10:38:43 PDT"]
[Termination "ajdemipopushi won on time"]

1. Nf3 Nf6 2. g3 g6 3. Bg2 Bg7 4. c4 d6 5. d4 O-O 6. Nc3 c5 7. O-O Nc6 8. dxc5 dxc5 9. Bf4 Nd4 10. Be5 Nh5 11. Bxg7 Nxg7 12. e3 Nxf3+ 13. Qxf3 Qb6 14. b3 Rb8 15. Nd5 Qe6 16. Rad1 Nf5 17. Qe4 Kg7 18. Rd2 Qxe4 19. Bxe4 Re8 20. Nc7 Rf8 21. Rfd1 Nd6 22.
Bf3 h5 23. Kg2 Bg4 24. Nd5 Bxf3+ 25. Kxf3 Nf5 26. h3 e6 27. Nc7 Rfc8 28. Rd7 a6 29. Nxe6+ Kf6 30. Nf4 b5 31. g4 hxg4+ 32. hxg4 Nh4+ 33.
Kg3 g5 34. Nh5+ 1-0

[Event "*** SCC Grand Prix: Titled Tuesday Blitz"]
[Site "Chess.com"]
[Date "2020.10.06"]
[Round "4"]
[White "Alexander_Moskalenko"]
[Black "FairChess_on_YouTube"]
[Result "1-0"]
[WhiteElo "2819"]
[BlackElo "2967"]
[TimeControl "180+1"]
[EndTime "10:38:44 PDT"]
[Termination "Alexander_Moskalenko won by resignation"]

1. d4 Nf6 2. c4 e6 3. Nf3 d5 4. Nc3 a6 5. e3 b6 6. Bd3 Bb7 7.
O-O Nbd7 8. b3 Bd6 9. Bb2 O-O 10. Rc1 Ne4 11. Ne2 Qe7 12. Qc2 a5 13. cxd5 exd5 14.
Ne5 Rac8 15. Nc6 Qh4 16. Ng3 f5 17. Rfe1 Ndf6 18. Bxe4 fxe4 19. Ne5 Bxe5 20. dxe5 Ng4 21. h3 Rxf2 22. Nf5 Rxc2 23. Nxh4 Rxb2 24. hxg4 g6 25. Rf1 c5 26. Rf6 c4 27. Rxb6 c3 28. Rxb7 c2 29.
Kh2 Rb1 30. Rxc2 Rxc2 31. e6 Rc6 32. Rb8+ Kg7 33. e7 Re6 34. e8=Q Rxe8 35. Rxe8 Kf6 36. Ra8 Kg5 37. Kg3 Re1 38. Rxa5 Rxe3+ 39. Nf3+ exf3 40. Rxd5+ Kf6 41. gxf3 Re2 42. Ra5 Rb2 43. g5+ Ke6 44.
Kf4 Rb1 45. Ra6+ Kd5 46. Ra7 Rb2 47. Rxh7 Rxa2 48. Rd7+ Ke6 49. Rg7 1-0

[Event "*** SCC Grand Prix: Titled Tuesday Blitz"]
[Site "Chess.com"]
[Date "2020.10.06"]
[Round "4"]
[White "vrekhson"]
[Black "c_r_e_e_p_e_r"]
[Result "1-0"]
[WhiteElo "2206"]
[BlackElo "2340"]
[TimeControl "180+1"]
[EndTime "10:38:44 PDT"]
[Termination "vrekhson won by resignation"]

1. e4 c5 2. Nf3 e6 3. c3 d5 4.
e5 Nc6 5. d4 Qb6 6. dxc5 Bxc5 7. Qc2 Nh6 8. Bxh6 gxh6 9. Bd3 Bd7 10. O-O Rc8 11. Qe2 Ke7 12. b4 Nxb4 13. cxb4 Bd4 14. Nxd4 Qxd4 15. Nd2 Rhg8 16. Nf3 Qg4 17. g3 h5 18.
Rac1 h4 19. Qe3 b6 20. Be2 Qxb4 21. Qh6 hxg3 22. hxg3 Rxc1 23. Rxc1 Qe4 24. Qf6+ Ke8 25. Bb5 Rxg3+ 26. fxg3 Qe3+ 27. Kg2 Qxc1 28. Bxd7+ Kxd7 29. Qxf7+ Kd8 30. Qxe6 Qc2+ 31. Kh3 Qe4 32. Qd6+ Ke8 33. e6 Qf5+ 34. Kg2 Qc2+ 35. Kf1 Qd1+ 36. Ne1 1-0

[Event "*** SCC Grand Prix: Titled Tuesday Blitz"]
[Site "Chess.com"]
[Date "2020.10.06"]
[Round "4"]
[White "Beca95"]
[Black "Alexsur1981"]
[Result "1-0"]
[WhiteElo "2900"]
[BlackElo "2741"]
[TimeControl "180+1"]
[EndTime "10:38:47 PDT"]
[Termination "Beca95 won on time"]

1. d4 d6 2. e4 g6 3. Nc3 Bg7 4. Nf3 a6 5. Be3 b5 6. a4 b4 7. Ne2 Bb7 8. Ng3 Nd7 9. Bd3 Ngf6 10. c3 bxc3 11. bxc3 O-O 12. O-O c5 13. h3 Qc7 14.
Qd2 Rfc8 15. Rfc1 Qa5 16. d5 Ne8 17. Bh6 Bh8 18. Bc4 Rcb8 19. h4 Bc8 20. h5 Nb6 21.
Bf1 Bd7 22. hxg6 hxg6 23. Qf4 Bxc3 24. e5 Nxd5 25. Qh4 Rb4 26. Bc4 Bxa1 27. Ne4 Rxc4 28. Rxc4 Bb2 29. Bd2 Qd8 30. Neg5 Ndf6 31. exf6 Nxf6 32.
Rf4 Be6 33. Qh6 Qf8 34. Qh2 Qg7 35. Rh4 Ba2 36. Qf4 Rb8 37. Qe3 Bd4 38. Nxd4 cxd4 39. Qxd4 Nd5 40. Qg4 Qe5 41. g3 1-0

[Event "*** SCC Grand Prix: Titled Tuesday Blitz"]
[Site "Chess.com"]
[Date "2020.10.06"]
[Round "4"]
[White "Khnykin_Nikolay"]
[Black "dominikaf"]
[Result "0-1"]
[WhiteElo "2054"]
[BlackElo "2279"]
[TimeControl "180+1"]
[EndTime "10:38:47 PDT"]
[Termination "dominikaf won by checkmate"]

1. e4 e5 2. Nf3 Nc6 3. Bc4 Nf6 4. O-O h6 5. Nc3 d6 6. d4 exd4 7. Nxd4 Be7 8. Nf5 Bxf5 9. exf5 O-O 10. Qf3 Ne5 11. Qf4 Nxc4 12. Qxc4 d5 13. Qf4 c6 14. Rd1 Re8 15. Qg3 Kh7 16. Be3 Bd6 17.
f4 Qa5 18. Kh1 Bc5 19. Bd2 Qc7 20. Rf1 b5 21. Rf3 b4 22. Na4 Bd6 23. Qh4 Ne4 24. Be3 Be7 25. Qh3 Bf6 26. Rd1 d4 27. Bc1 Qe7 28. g4 Kg8 29. Rg1 Bh4 30. g5 Nf2+ 31.
Rxf2 Bxf2 32. Rf1 Be3 33. Re1 hxg5 34. fxg5 Qe4+ 35. Qg2 Qxf5 36. Bxe3 dxe3 37. Qxc6 Rac8 38. Qg2 Rxc2 39. Qg1 Qf3+ 40. Qg2 Qxg2# 0-1

[Event "*** SCC Grand Prix: Titled Tuesday Blitz"]
[Site "Chess.com"]
[Date "2020.10.06"]
[Round "4"]
[White "MrChampion_Coach"]
[Black "tmr88"]
[Result "1/2-1/2"]
[WhiteElo "2387"]
[BlackElo "2126"]
[TimeControl "180+1"]
[EndTime "10:38:48 PDT"]
[Termination "Game drawn by repetition"]

1. d4 Nf6 2. c4 g6 3. Nc3 Bg7 4. e4 d6 5. Nf3 O-O 6. Be2 e5 7. O-O Nc6 8. d5 Ne7 9. Ne1 Nd7 10. Be3 f5 11. f3 Nf6 12. Nd3 f4 13. Bf2 g5 14. c5 Rf7 15. Rc1 Bf8 16. Nb5 Ng6 17.
cxd6 cxd6 18. a4 g4 19. Qc2 g3 20. hxg3 fxg3 21. Bxg3 Nh5 22. Bh2 Bh6 23. f4 Ngxf4 24. Bxh5 Nxh5 25. Rxf7 Kxf7 26. Qc7+ Bd7 27. Nxd6+ Kg8 28.
Nxb7 Be3+ 29. Kh1 Qh4 30. Qxe5 Bxc1 31. Nxc1 Qe1+ 32. Bg1 Qh4+ 33. Bh2 Qe1+ 34. Bg1 Qh4+ 35. Bh2 1/2-1/2

[Event "*** SCC Grand Prix: Titled Tuesday Blitz"]
[Site "Chess.com"]
[Date "2020.10.06"]
[Round "4"]
[White "karwowskikacper"]
[Black "Mbneu"]
[Result "0-1"]
[WhiteElo "2464"]
[BlackElo "2325"]
[TimeControl "180+1"]
[EndTime "10:38:50 PDT"]
[Termination "Mbneu won by resignation"]

1. e4 c5 2. Nf3 Nf6 3. Nc3 d5 4. exd5 Nxd5 5. Bb5+ Bd7 6. O-O Nxc3 7. Bxd7+ Qxd7 8.
dxc3 Nc6 9. Qxd7+ Kxd7 10. Rd1+ Ke8 11. Bf4 f6 12. Rd2 e5 13. Be3 Rd8 14. Rxd8+ Kxd8 15. a3 Kc7 16. b4 b6 17. Rd1 Be7 18. Kf1 Rd8 19.
Rxd8 Nxd8 20. Ke2 Ne6 21. Kd3 g6 22. Kc4 Kc6 23. b5+ Kd7 24. a4 Nc7 25. h4 Ke6 26. h5 Ne8 27. hxg6 hxg6 28. Nd2 Nd6+ 29. Kd3 f5 30. f3 g5 31. c4 Nf7 32. Nb3 Nh8 33. a5 Ng6 34. a6 Nf4+ 35. Bxf4 gxf4 36. Nc1 Kf6 37. Ne2 Bd6 38. Nc3 Kg5 39. Nd5 Kh4 40. Nxb6 Kg3 41. Nc8 Bb8 42. Ne7 e4+ 43. fxe4 Kxg2 44.
exf5 f3 45. f6 f2 46. Nf5 f1=Q+ 0-1

[Event "*** SCC Grand Prix: Titled Tuesday Blitz"]
[Site "Chess.com"]
[Date "2020.10.06"]
[Round "4"]
[White "Sankalp_Gupta2003"]
[Black "SamuelGhimpu2003"]
[Result "0-1"]
[WhiteElo "2699"]
[BlackElo "2516"]
[TimeControl "180+1"]
[EndTime "10:38:51 PDT"]
[Termination "SamuelGhimpu2003 won by resignation"]

1. e4 e6 2. d4 d5 3. Nc3 Nf6 4. e5 Nfd7 5. f4 c5 6. Nf3 Nc6 7. Be3 Be7 8. Kd2 O-O 9. Ne2 f6 10. c3 Qa5 11. Ke1 fxe5 12. dxe5 Nb6 13. g3 d4 14. Bc1 Nd5 15. Kf2 dxc3 16. Nxc3 Nxc3 17. bxc3 Qxc3 18. Bd2 Qa3 19. Bc4 a6 20. Qe2 b5 21.
Bd3 c4 22. Be4 Bb7 23. Kg2 Rad8 24. Rhd1 h6 25. Be3 Bc5 26. Bxc5 Qxc5 27. h4 Qb6 28. Rac1 Nb4 29. Bb1 Rxd1 30. Rxd1 Rd8 31. Rxd8+ Qxd8 32. Kh2 Qd5 33. Kg2 Nd3 34. g4 Qxf3+ 35. Qxf3 Ne1+ 36.
Kg3 Nxf3 37. f5 Nxe5 38. Kf4 Nd3+ 39. Ke3 exf5 40. gxf5 Kf7 41. Kd4 Kf6 0-1

[Event "*** SCC Grand Prix: Titled Tuesday Blitz"]
[Site "Chess.com"]
[Date "2020.10.06"]
[Round "4"]
[White "ORS1984"]
[Black "fighter2jz"]
[Result "1-0"]
[WhiteElo "2497"]
[BlackElo "2669"]
[TimeControl "180+1"]
[EndTime "10:38:51 PDT"]
[Termination "ORS1984 won by resignation"]

1. e4 e6 2. d4 d5 3. Nc3 Bb4 4.
Ne2 dxe4 5. a3 Bxc3+ 6. Nxc3 c5 7.
dxc5 Qxd1+ 8. Kxd1 Nf6 9. Nb5 Na6 10. Nd6+ Ke7 11. b4 Nc7 12. Bg5 Rd8 13. Kc1 h6 14. Bxf6+ gxf6 15. Nxe4 b6 16. Kb2 Nd5 17. Bc4 Rb8 18.
c6 f5 19. Bxd5 Rxd5 20. Nc3 Re5 21. b5 Rc5 22. Rhd1 e5 23. a4 Be6 24. Rd2 a6 25.
Rad1 axb5 26. axb5 Ra8 27. Rd7+ Kf6 28. Rb7 Rc4 29.
Nd5+ Kg7 30. Nxb6 Rb4+ 31. Kc3 Rd4 32. Nxa8 Rxd1 33. c7 Rd4 34. Nb6 Rf4 35. c8=Q Bxc8 36.
Nxc8 Rxf2 37. Nd6 e4 38. Rxf7+ Kg6 39. b6 Rf1 40. b7 Rb1 41. Rf8 e3 42. b8=Q 1-0

[Event "*** SCC Grand Prix: Titled Tuesday Blitz"]
[Site "Chess.com"]
[Date "2020.10.06"]
[Round "4"]
[White "ChessicallyInclined"]
[Black "Bulldog167"]
[Result "0-1"]
[WhiteElo "2533"]
[BlackElo "2783"]
[TimeControl "180+1"]
[EndTime "10:38:52 PDT"]
[Termination "Bulldog167 won by resignation"]

1. d4 Nf6 2. c4 c5 3. d5 e6 4.
Nc3 exd5 5. cxd5 d6 6. e4 g6 7. Nge2 h5 8. Bg5 Bg7 9. Qd2 O-O 10. Ng3 Qe8 11. Be2 a6 12. a4 Nh7 13. Bh4 Nd7 14.
O-O Ne5 15. h3 f5 16. f4 g5 17. Bxh5 Ng6 18. exf5 gxh4 19. Bxg6 Qd8 20. Nge4 Bxf5 21. Bxf5 Rxf5 22. Rae1 Qf8 23. Rf3 Bd4+ 24. Kh1 Re8 25. Qd3 Kh8 26. Ref1 Rf7 27. Ne2 Bxb2 28. f5 Qe7 29.
N4c3 Qf6 30. Ne4 Qe5 31. N4c3 Ng5 32. Nf4 Qxc3 33. Ng6+ Kg7 34. Qxc3+ Bxc3 35. Rxc3 Ne4 36. Rb3 Ng3+ 37. Rxg3 hxg3 38. Nf4 Rxf5 39. Ne6+ Rxe6 0-1

[Event "*** SCC Grand Prix: Titled Tuesday Blitz"]
[Site "Chess.com"]
[Date "2020.10.06"]
[Round "4"]
[White "Joshukid"]
[Black "Rakesh"]
[Result "1-0"]
[WhiteElo "2707"]
[BlackElo "2490"]
[TimeControl "180+1"]
[EndTime "10:38:52 PDT"]
[Termination "Joshukid won on time"]

1. Nf3 Nf6 2. c4 d6 3. d4 g6 4. Nc3 Bg7 5. g3 O-O 6. Bg2 Nbd7 7. O-O c6 8. e4 Qc7 9. h3 e5 10. Be3 Re8 11. Rc1 exd4 12. Nxd4 Nc5 13. Qc2 Bd7 14. b4 Ne6 15. Nb3 Rad8 16. Rfd1 h5 17. a4 h4 18. g4 Bc8 19. a5 b6 20.
axb6 axb6 21. b5 c5 22. f4 Bb7 23. Qf2 Ra8 24. Qxh4 Ra3 25. Rb1 Nxg4 26. Qxg4 Bxc3 27. f5 Nf8 28. h4 Bg7 29. Bf4 Bxe4 30. Bxd6 Qb7 31.
Bxf8 Bxg2 32. Bxg7 Bf3 33. Qg5 Kxg7 34. fxg6 f6 35.
Qf5 Re7 36. Rd6 Qe4 37. Qxf6+ Kh6 38. Qh8+ 1-0

[Event "*** SCC Grand Prix: Titled Tuesday Blitz"]
[Site "Chess.com"]
[Date "2020.10.06"]
[Round "4"]
[White "zurzan"]
[Black "night_player"]
[Result "1-0"]
[WhiteElo "1939"]
[BlackElo "2231"]
[TimeControl "180+1"]
[EndTime "10:38:52 PDT"]
[Termination "zurzan won by resignation"]

1. f4 c5 2. Nf3 Nc6 3. g3 b6 4. Bg2 Bb7 5. O-O e6 6. d3 d6 7.
c3 Be7 8. Qa4 Qc7 9. e4 Nf6 10.
Na3 a6 11. h3 O-O 12. Be3 b5 13.
Qc2 Nd7 14. Qf2 Kh8 15. Kh1 f5 16. g4 fxe4 17. dxe4 Nf6 18. Ng5 Qd7 19. Rad1 Ne8 20. Nf3 Qc7 21. f5 exf5 22. exf5 Ne5 23. Nxe5 Bxg2+ 24. Qxg2 dxe5 25. Qxa8 Nf6 26. Qg2 e4 27. g5 Nh5 28. Bf2 e3 29. Bxe3 Ng3+ 30. Kg1 Nxf1 31. Rxf1 Qe5 32. Nc2 Bd8 33. Bf4 Qxf5 34. Bd6 Qxf1+ 35.
Qxf1 Rxf1+ 36. Kxf1 c4 37. Bf4 Kg8 38. Nd4 Kf7 39.
Nc6 Bb6 40. Nb4 a5 41. Nd5 Bc5 42. Nc7 b4 43. cxb4 axb4 44. Na6 c3 45. bxc3 bxc3 46. Nxc5 1-0

[Event "*** SCC Grand Prix: Titled Tuesday Blitz"]
[Site "Chess.com"]
[Date "2020.10.06"]
[Round "4"]
[White "Tenamu"]
[Black "Margarita2907"]
[Result "1-0"]
[WhiteElo "2367"]
[BlackElo "2193"]
[TimeControl "180+1"]
[EndTime "10:38:52 PDT"]
[Termination "Tenamu won on time"]

1. d4 d5 2. Nc3 Nf6 3. Bf4 e6 4. a3 Bd6 5. e3 O-O 6. Nf3 b6 7. Be2 Bb7 8. O-O c5 9. Bg3 Ne4 10. Nxe4 dxe4 11. Nd2 Bxg3 12. hxg3 cxd4 13. Bc4 dxe3 14.
fxe3 Qg5 15. Qe2 Qxg3 16. Rf4 Qg6 17. Raf1 Nd7 18. Rg4 Qh6 19. Bb3 Nc5 20. Ba2 Rad8 21.
Qf2 f5 22. Rg3 Kh8 23. b4 Na4 24. Nc4 Nc3 25. Bb3 Nd5 26. Ne5 Qf6 27. Bxd5 Bxd5 28. Qf4 Bb7 29. c4 Rd2 30. Rf2 Rd1+ 31. Rf1 Rfd8 32.
Rxd1 Rxd1+ 33. Kh2 g6 34. Qh6 Kg8 35. Nxg6 1-0

[Event "*** SCC Grand Prix: Titled Tuesday Blitz"]
[Site "Chess.com"]
[Date "2020.10.06"]
[Round "4"]
[White "JuliaEfremova"]
[Black "Klavdia_Nik"]
[Result "1-0"]
[WhiteElo "2329"]
[BlackElo "2155"]
[TimeControl "180+1"]
[EndTime "10:38:53 PDT"]
[Termination "JuliaEfremova won on time"]

1. e4 e6 2. d4 d5 3. Nc3 dxe4 4. Nxe4 Bd7 5. Nf3 Bc6 6. Bd3 Nd7 7. O-O Ngf6 8. Nxf6+ Nxf6 9. c3 Bxf3 10. Qxf3 c6 11. Bg5 Be7 12. Rfe1 O-O 13. Qh3 g6 14. Bh6 Re8 15.
Re2 Nd5 16. Rae1 Bf6 17. Qg4 Bg7 18. Bg5 Qc7 19. h4 c5 20. h5 cxd4 21. hxg6 hxg6 22.
cxd4 Nf6 23. Qh4 Nh7 24. Bh6 Bxh6 25. Qxh6 Rad8 26. Re3 f5 27. Rxe6 Rxe6 28. Rxe6 Nf8 29. Re3 Rxd4 30. Re8 Qg7 31. Qe3 Qd7 32. Bc2 Re4 33.
Bxe4 fxe4 34. Qxe4 Qd1+ 35. Qe1 Qd6 36. g3 1-0

[Event "*** SCC Grand Prix: Titled Tuesday Blitz"]
[Site "Chess.com"]
[Date "2020.10.06"]
[Round "4"]
[White "Mazetovic"]
[Black "kasparicy"]
[Result "1-0"]
[WhiteElo "2621"]
[BlackElo "2391"]
[TimeControl "180+1"]
[EndTime "10:38:54 PDT"]
[Termination "Mazetovic won by checkmate"]

1. e4 c5 2. Nf3 d6 3. Bb5+ Nd7 4. c3 Nf6 5. Qe2 h6 6. d4 a6 7. Ba4 b5 8. Bc2 cxd4 9. cxd4 Bb7 10. O-O e6 11.
Nc3 Rc8 12. a3 Be7 13. Re1 Nb6 14. h3 Nc4 15. e5 Nd5 16. Ne4 dxe5 17. dxe5 Qc7 18.
Ng3 Nxe5 19. Nxe5 Qxc2 20. Qg4 Bf6 21. Nh5 O-O 22. Bxh6 Qh7 23. Bf4 g6 24. Nxf6+ Nxf6 25. Qg5 Nh5 26. Nd7 Rfd8 27. Nf6+ Nxf6 28. Qxf6 Qg7 29. Qh4 Rd4 30. Qg3 Qf8 31. Be5 Rd5 32. Qh4 Rcc5 33. Qh8# 1-0

[Event "*** SCC Grand Prix: Titled Tuesday Blitz"]
[Site "Chess.com"]
[Date "2020.10.06"]
[Round "4"]
[White "doons21"]
[Black "PavelChernomordik"]
[Result "1-0"]
[WhiteElo "2609"]
[BlackElo "2363"]
[TimeControl "180+1"]
[EndTime "10:38:54 PDT"]
[Termination "doons21 won on time"]

1. e4 g6 2. d4 Bg7 3. c3 d6 4. Nf3 Nf6 5. Bd3 O-O 6. h3 c5 7. O-O Nc6 8. d5 Nb8 9. Nbd2 e5 10. a4 Nh5 11. Nc4 h6 12. Nh2 Qe7 13. b4 b6 14. b5 Nf4 15. a5 bxa5 16. Rxa5 Nxd3 17. Qxd3 f5 18. Nb6 fxe4 19. Qe2 axb6 20. Rxa8 Bf5 21. c4 g5 22. Bb2 Nd7 23. Rfa1 Nf6 24. R1a7 Bd7 25.
Rxf8+ Qxf8 26. Rb7 Qd8 27. Bc3 Bf5 28. Qa2 Nh5 29. Qa7 Qf6 30. Qb8+ Kh7 31. Rxb6 e3 32. fxe3 Ng3 33. Qxd6 Be6 34. Nf3 Ne2+ 35. Kh2 1-0

[Event "*** SCC Grand Prix: Titled Tuesday Blitz"]
[Site "Chess.com"]
[Date "2020.10.06"]
[Round "4"]
[White "Tactictic"]
[Black "ExcitingTrap"]
[Result "0-1"]
[WhiteElo "2424"]
[BlackElo "2273"]
[TimeControl "180+1"]
[EndTime "10:38:54 PDT"]
[Termination "ExcitingTrap won on time"]

1. e4 e6 2. d4 d5 3. Nd2 Nf6 4. e5 Nfd7 5. Bd3 c5 6. c3 Nc6 7. Ne2 cxd4 8. cxd4 f6 9. exf6 Nxf6 10. O-O Bd6 11. Nf3 Qc7 12. Bg5 O-O 13. Rc1 Bd7 14. Re1 h6 15. Bh4 Nh5 16. Bg6 Rxf3 17. gxf3 Bxh2+ 18. Kg2 Nf4+ 19. Nxf4 Bxf4 20. Bg3 Rf8 21.
Rc2 Qb6 22. Bxf4 Rxf4 23. Rd2 Nxd4 24. Re3 Nf5 25. Rxd5 Nxe3+ 26. fxe3 exd5 27. Qxd5+ Be6 28. Qe5 Rf6 29. Be4 Qd8 30. Kg3 Bf7 31. f4 Qd6 32. Qc3 b6 33. Kf2 Re6 34. Bc2 Re8 0-1

[Event "*** SCC Grand Prix: Titled Tuesday Blitz"]
[Site "Chess.com"]
[Date "2020.10.06"]
[Round "4"]
[White "Andreikka"]
[Black "Atakishiyev04"]
[Result "1/2-1/2"]
[WhiteElo "2894"]
[BlackElo "2753"]
[TimeControl "180+1"]
[EndTime "10:38:55 PDT"]
[Termination "Game drawn by repetition"]

1. c4 e5 2. Nc3 Nc6 3. Nf3 g6 4. g3 Bg7 5. Bg2 Nge7 6. O-O O-O 7. d3 d6 8. Rb1 Bd7 9. b4 Qc8 10. b5 Nd8 11. Re1 Bh3 12. Bh1 Ne6 13. a4 h5 14.
Nd5 Nxd5 15. cxd5 Nc5 16. Ng5 Bd7 17. Ne4 Nxe4 18. dxe4 a6 19. Qc2 axb5 20. axb5 Ra5 21. Qc4 b6 22. Bd2 Ra7 23. h4 Qa8 24. Rec1 f5 25.
exf5 gxf5 26. Bf3 f4 27. Bxh5 fxg3 28. fxg3 Ra3 29. Rb3 Ra2 30. Bg5 Ra1 31. Rc3 e4 32. Rc2 Qa3 33. e3 Bxb5 34. Qxc7 Bd3 35. Rxa1 Qxa1+ 36. Rc1 Qe5 37. Kg2 Qb2+ 38. Kh3 Be5 39. Bg6 Bg7 40. Be7 Qf2 41. Bxf8 Bf1+ 42. Rxf1 Qxf1+ 43. Kg4 Qf3+ 44. Kh3 Qh1+ 45. Kg4 Qf3+ 46. Kh3 Qh1+ 47. Kg4 Qf3+ 1/2-1/2

[Event "*** SCC Grand Prix: Titled Tuesday Blitz"]
[Site "Chess.com"]
[Date "2020.10.06"]
[Round "4"]
[White "TrickyFortem"]
[Black "Carnivoras"]
[Result "0-1"]
[WhiteElo "2476"]
[BlackElo "2675"]
[TimeControl "180+1"]
[EndTime "10:38:55 PDT"]
[Termination "Carnivoras won by resignation"]

1. d4 d5 2. c4 c6 3. Nf3 e6 4. Nc3 Nf6 5. e3 Nbd7 6. Bd3 Bd6 7. O-O dxc4 8. Bxc4 O-O 9. e4 e5 10. Bg5 h6 11. Bh4 exd4 12. Qxd4 Qe7 13. Rad1 Bc7 14. Rfe1 Ne5 15. Nxe5 Bxe5 16. Qe3 Bxh2+ 17. Kxh2 Ng4+ 18. Kg3 g5 19. Bxg5 hxg5 20. Qd4 c5 21. Qd6 Qe5+ 22.
Qxe5 Nxe5 23. Bd5 Be6 24. Bxe6 fxe6 25. Rd6 Kf7 26. Rh1 Rh8 27. Rxh8 Rxh8 28. f4 gxf4+ 29. Kxf4 Ke7 30. Rd2 Nc4 31. Re2 Rf8+ 32. Kg3 Rg8+ 33. Kf2 Ne5 34. Ke1 a6 35. Kd2 b5 36. Kc2 Ng6 37. Rf2 Nh4 38. a4 b4 39. Ne2 Rxg2 40.
Rxg2 Nxg2 41. Kd3 Kd6 42. b3 Ne1+ 43. Kc4 Nf3 44. Kd3 Ne5+ 45. Kc2 Nc6 46. Kd3 Ke5 47. Ng1 Nd4 48. Kc4 Kxe4 49. Kxc5 a5 50. Kc4 e5 51. Nh3 Ke3 52. Ng5 e4 53. Kd5 Nxb3 54. Nxe4 Kd3 55. Nf2+ Kc2 56. Kc4 Nd2+ 57. Kb5 b3 58. Kxa5 b2 59. Ka6 b1=Q 60. a5 Nc4 61.
Ne4 Qa2 62. Kb5 Kd3 63. Nc5+ Kd4 64. Na4 Qb3+ 65. Ka6 Qxa4 0-1

[Event "*** SCC Grand Prix: Titled Tuesday Blitz"]
[Site "Chess.com"]
[Date "2020.10.06"]
[Round "4"]
[White "Gerodot71"]
[Black "Denis_Makhnyov"]
[Result "0-1"]
[WhiteElo "2476"]
[BlackElo "2915"]
[TimeControl "180+1"]
[EndTime "10:38:55 PDT"]
[Termination "Denis_Makhnyov won by resignation"]

1. d4 Nf6 2. c4 e6 3. Nf3 b6 4. a3 Ba6 5. Qc2 c5 6. d5 exd5 7. cxd5 g6 8. Nc3 d6 9. h4 Bg7 10. Bd2 O-O 11. h5 Nbd7 12. O-O-O Ng4 13. Be1 f5 14. g3 Qf6 15. Bg2 Rae8 16. e3 b5 17.
Ne2 b4 18. a4 Rxe3 19. fxe3 Nxe3 20. Qd2 Nxg2 21. Nf4 Ne3 22. Ne6 Nxd1 23. Kxd1 Qxb2 24. Qxb2 Bxb2 25. Nxf8 Kxf8 26. Kc2 Bf6 27. hxg6 hxg6 28. Rh7 Ke8 29. Bd2 Bc4 30. Nh4 b3+ 31. Kd1 b2 32.
Kc2 Bd3+ 33. Kxd3 b1=Q+ 34. Ke3 Qe4+ 35. Kf2 Ne5 0-1

[Event "*** SCC Grand Prix: Titled Tuesday Blitz"]
[Site "Chess.com"]
[Date "2020.10.06"]
[Round "4"]
[White "DeGrootteZ"]
[Black "Region_07"]
[Result "1-0"]
[WhiteElo "2648"]
[BlackElo "2372"]
[TimeControl "180+1"]
[EndTime "10:38:56 PDT"]
[Termination "DeGrootteZ won by resignation"]

1. d4 d5 2. c4 Nc6 3. cxd5 Qxd5 4. Nf3 e5 5. Nc3 Bb4 6. e3 Bg4 7. Bd2 Bxc3 8. bxc3 e4 9. c4 Qh5 10. Qb3 O-O-O 11. Ng1 Nf6 12. Ne2 Bxe2 13. Bxe2 Qg5 14. g3 h5 15. h4 Qf5 16. Rb1 b6 17. Qa4 Nxd4 18. exd4 e3 19. O-O exd2 20. Qxa7 Qe4 21. c5 bxc5 22. dxc5 Qc6 23. Ba6+ Kd7 24. Bb5 Qxb5 25.
Rxb5 Kc6 26. Qa6+ Kd5 27. Rb2 Ne4 28. Rd1 Ke5 29. Qe2 Kf5 30. Qf3+ Ke5 31. Qf4+ Kd5 32.
Rbxd2+ Nxd2 33. Rxd2+ Kc6 34. Qe4+ Kb5 35. Rb2+ Kxc5 36.
Rc2+ Kb6 37. Qc6+ Ka7 38. Qxc7+ Ka8 39. Rc6 Rd1+ 40. Kg2 Rd6 41. Rxd6 1-0